 Dungeon Crawl Stone Soup version 0.21.1-1-g345015f (webtiles) character file.

841 Iko the Charlatan (level 7, -10/66 HPs)
             Began as a Troll Artificer on July 11, 2018.
             Was a Follower of Trog.
             Mangled by a red ugly thing (13 damage)
             ... on level 9 of the Dungeon on July 12, 2018.
             The game lasted 00:20:38 (2002 turns).

Iko the Charlatan (Troll Artificer)                 Turns: 2002, Time: 00:20:39

Health: -10/66     AC:  7    Str: 21    XL:     7   Next: 67%
Magic:  9/9        EV: 11    Int:  9    God:    Trog [*.....]
Gold:   124        SH:  0    Dex: 10    Spells: 6/6 levels left

rFire    . . .     SeeInvis .   h - +5 battleaxe
rCold    . . .     Gourm    +   (shield currently unavailable)
rNeg     . . .     Faith    .   b - +1 robe
rPois    .         Spirit   .   (helmet restricted)
rElec    .         Reflect  .   g - +0 cloak
rCorr    .         Harm     .   (gloves unavailable)
MR       .....                  (boots unavailable)
Stlth    +.........             (no amulet)
HPRegen  0.61/turn              (no ring)
MPRegen  0.11/turn              (no ring)

@: drained
A: large, unfitting armour, claws 3, fast metabolism 3, gourmand, regeneration
1, shaggy fur 1, tough skin 2
a: Berserk, Burn Spellbooks, Renounce Religion


You were on level 9 of the Dungeon.
You worshipped Trog.
Trog was aware of your devotion.
You were not hungry.

You visited 1 branch of the dungeon, and saw 8 of its levels.
You also visited: Sewer.

You collected 124 gold pieces.

Inventory:

Hand Weapons
 c - a +0 shortbow
 h - a +5 battleaxe (weapon)
Missiles
 e - 42 arrows
Armour
 b - a +1 robe (worn)
 g - a +0 cloak (worn)
Wands
 d - a wand of enslavement (15)
Scrolls
 i - 2 scrolls of teleportation
Books
 a - a book of Flames

   Spells                             Type                      Level
   a - Flame Tongue                   Conjuration/Fire             1
   b - Throw Flame                    Conjuration/Fire             2
   c - Conjure Flame                  Conjuration/Fire             3
   d - Inner Flame                    Hexes/Fire                   3
   e - Sticky Flame                   Conjuration/Fire             4
   f - Fireball                       Conjuration/Fire             5
   Trog disapproves of the use of such an item.
Comestibles
 f - 4 rations


   Skills:
 + Level 2.3(2.2) Fighting
   Level 3.2(3.1) Short Blades
 + Level 1.0(0.8) Axes
   Level 0.2(0.5) Maces & Flails
 + Level 0.2(0.1) Bows
 + Level 4.0(3.9) Dodging
 + Level 1.2(1.1) Stealth
 + Level 4.1(3.9) Evocations


You had 6 spell levels left.
You didn't know any spells.

Dungeon Overview and Level Annotations

Branches:
Dungeon (9/15)
 Temple: D:4-7         Lair: D:8-11         Orc: D:9-12

Altars:
Trog


Innate Abilities, Weirdness & Mutations

You are too large for most types of armour.
You have claws for hands.
Your metabolism is lightning-fast.
You like to eat raw meat.
Your natural rate of healing is unusually fast.
You are covered in fur. (AC +1)
You have very tough skin. (AC +2)


Message History

Firing (i - inventory):
e - 44 arrows (quivered)
Press: ? - help, Shift-Dir - straight line, f - red ugly thing
Aim: a red ugly thing You shoot an arrow.
The arrow barely misses the red ugly thing.
Firing (i - inventory):
e - 43 arrows (quivered)
Press: ? - help, Shift-Dir - straight line, f/p - red ugly thing
Aim: a red ugly thing You shoot an arrow.
The arrow closely misses the red ugly thing.
h - a +5 battleaxe (weapon)
You closely miss the red ugly thing.
The red ugly thing tail-slaps you but does no damage.
The red ugly thing tail-slaps you!
You are engulfed in flames!!
You slash the red ugly thing!
The red ugly thing is lightly wounded.
The red ugly thing tail-slaps you.
You are engulfed in flames!!
* * * LOW HITPOINT WARNING * * *
The red ugly thing tail-slaps you!
You die...

(... ...<..
..... ......
..... ......
.....####....
............
..........#
......u...#
#....@..#
#.......#
#.......#
#.....<.#
#.#.....#
#.......#
#.......#
####+####


You could see a red ugly thing.

Vanquished Creatures
  A sky beast (D:6)
  A centaur (D:5)
  An ogre (D:6)
  A scorpion (D:4)
  4 wights (D:8)
  2 howler monkeys (D:8)
  A crimson imp (D:5)
  A hound (D:6)
  An orc priest (D:6)
  An orc wizard (D:4)
  A worker ant (D:8)
  8 adders
  An ooze (D:1)
  3 worms
  2 leopard geckos
  10 orcs
  2 ball pythons (D:1)
  A giant cockroach (D:2)
  8 goblins
  2 hobgoblins
  6 jackals
  3 bats
  2 frilled lizards
  5 kobolds
  5 rats
73 creatures vanquished.

Notes
Turn   | Place    | Note
-------+----------+-------------------------------------------
     0 | D:1      | Iko the Troll Artificer began the quest for the Orb.
     0 | D:1      | Reached XP level 1. HP: 18/18 MP: 1/1
   246 | D:1      | Reached XP level 2. HP: 26/26 MP: 2/2
   532 | D:2      | Reached XP level 3. HP: 29/32 MP: 4/4
   610 | D:2      | Found a bloodstained altar of Trog.
   626 | D:2      | Reached skill level 1 in Short Blades
   634 | D:2      | Became a worshipper of Trog the Wrathful
   650 | D:3      | Found a glowing drain.
   669 | Sewer    | Entered a sewer
   701 | Sewer    | Reached XP level 4. HP: 40/40 MP: 5/5
   842 | Sewer    | Reached skill level 1 in Fighting
  1209 | D:4      | Reached * piety under Trog
  1209 | D:4      | Reached XP level 5. HP: 48/48 MP: 6/6
  1324 | D:5      | Entered Level 5 of the Dungeon
  1461 | D:5      | Noticed a centaur
  1466 | D:5      | Killed a centaur
  1466 | D:5      | Reached skill level 1 in Stealth
  1466 | D:5      | Reached XP level 6. HP: 36/55 MP: 7/7
  1585 | D:6      | Noticed a sky beast
  1603 | D:6      | Killed a sky beast
  1685 | D:6      | Reached XP level 7. HP: 65/65 MP: 7/9
  1744 | D:6      | Paralysed by fainting for 11 turns
  1785 | D:6      | You fall through a shaft for 2 floors!
  1933 | D:8      | Reached skill level 1 in Axes
  1996 | D:9      | Noticed a red ugly thing
  2002 | D:9      | HP: 3/66 [red ugly thing (22)]
  2002 | D:9      | Mangled by a red ugly thing

Skill      XL: |  1  2  3  4  5  6  7 |
---------------+----------------------+-----
Evocations     | 3 4 |  4.1
Short Blades   | 1 2 3 |  3.2
Fighting       | 1 2 |  2.3
Dodging        | 2 3 4 |  4.0
Stealth        | 1 |  1.2
Axes           | 1 |  1.0
Maces & Flails | |  0.2
Bows           | |  0.2

Action                   |  1- 3 |  4- 6 |  7- 9 || total
-------------------------+-------+-------+-------++-------
Melee: Short sword       |    20 |       |       ||    20
       Hand axe          |    29 |       |       ||    29
       Rapier            |    20 |   132 |       ||   152
       Flail             |       |     2 |    17 ||    19
       Giant club        |       |       |    24 ||    24
       Battleaxe         |       |       |    20 ||    20
 Fire: Shortbow          |       |     6 |     5 ||    11
Invok: Berserk           |       |     2 |       ||     2
Evoke: Wand              |    14 |    16 |       ||    30
  Use: Scroll            |     4 |     5 |     7 ||    16
       Potion            |       |     4 |       ||     4
  Eat: Ration            |     1 |     3 |     2 ||     6
Armor: Robe              |    39 |    35 |    29 ||   103
Dodge: Dodged            |    33 |    59 |    63 ||   155
